AoeStats
← Ken

Arena

506403009Analyzed
1v1 RM · 18d ago on Sep 13, 2026· 37m 51s· 2 players
Game mode
Random Map
Map size
Tiny (2 player)
Population
200
Speed
Normal
Resources
Standard
Victory
Conquest
Starting age
Dark Age
Ending age
Imperial Age
RankedLock teamsTeams togetherTeam positionsShared explorationLock speedFull tech treeHidden civsTurbo modeCheats
Victory
Defeat
🇨🇳 Franks · China
931
+15
🇦🇺 Bulgarians · Australia
909
-15
Dirty Dike
7:49 Loom
10:03 Feudal Age
10:34 Double-Bit Axe
10:50 Horse Collar
12:21 Wheelbarrow
12:09 Arson
20:09 Castle Age
20:09 Scale Mail Armor
20:45 Pikeman
21:26 Squires
21:24 Stone Mining
21:25 Gold Mining
22:28 Bow Saw
22:43 Heavy Plow
26:16 Murder Holes
31:36 Bloodlines
36:21 Imperial Age
34:10 Forging
34:48 Scale Barding Armor
36:03 Iron Casting
Ken
11:08 Feudal Age
15:46 Castle Age
13:41 Double-Bit Axe
17:38 Bow Saw
20:47 Loom
23:47 Wheelbarrow
28:55 Gold Mining
33:08 Imperial Age
31:22 Husbandry
31:28 Scale Barding Armor
32:29 Forging
33:43 Gold Shaft Mining
33:32 Chain Barding Armor
33:47 Iron Casting
33:09 Cavalier
35:44 Chemistry
36:12 Plate Barding Armor
36:11 Ballistics
36:02 Fortified Wall
35:47 Murder Holes
36:56 Blast Furnace
37:38 Chivalry
37:59 Conscription
Connection lost

Rejoining the realm…

Still unreachable

The connection could not be restored.

Session expired

The server has moved on; the page needs a fresh start.